 Dungeon Crawl Stone Soup version 0.28.0 (webtiles) character file.

Game seed: 17267758102903048529

6 flotson the Ducker (level 1, 0/16 HPs)
             Began as a Demonspawn Gladiator on Feb 10, 2022.
             Slain by a jackal (1 damage)
             ... on level 1 of the Dungeon.
             The game lasted 00:03:48 (186 turns).

flotson the Ducker (Demonspawn Gladiator)            Turns: 186, Time: 00:03:49

Health: 0/16       AC:  4    Str: 14    XL:     1   Next: 75%
Magic:  1/1        EV:  9    Int:  9    God:
Gold:   7          SH:  0    Dex: 14    Spells: 0/0 levels left

rFire   . . .      SeeInvis .   a - +0 war axe
rCold   . . .      Faith    .   (no shield)
rNeg    . . .      Spirit   .   b - +0 leather armour
rPois   .          Reflect  .   c - +0 helmet
rElec   .          Harm     .   (no cloak)
rCorr   .          Rampage  .   (no gloves)
Will    .....                   (no boots)
Stlth   +.........              (no amulet)
HPRegen 0.05/turn               (no ring)
MPRegen 0.07/turn               (no ring)

@: constricted
A: no striking features
a: no special abilities


You were on level 1 of the Dungeon.
You visited 1 branch of the dungeon, and saw 1 of its levels.

You collected 7 gold pieces.

Inventory:

Hand Weapons
 a - a +0 war axe (weapon)
Missiles
 d - 3 throwing nets (quivered)
Armour
 b - a +0 leather armour (worn)
 c - a +0 helmet (worn)


   Skills:
 + Level 2.1 Fighting
 + Level 2.7 Axes
 + Level 1.9 Throwing
 + Level 0.3 Armour
 + Level 2.7 Dodging


You couldn't memorise any spells.
You didn't know any spells.
Your spell library was empty.

Dungeon Overview and Level Annotations

Branches:
Dungeon (1/15)

Altars:


Message History

The jackal barely misses you. x2; The jackal bites you.
You slash the jackal!
You kill the jackal!
You miss the jackal. The jackal bites you.
The jackal bites you but does no damage.
The ball python closely misses you. The ball python grabs you.
The ball python constricts you.
You barely miss the ball python. You closely miss the jackal.
The jackal bites you but does no damage.
The ball python closely misses you. The ball python constricts you.
The jackal bites you but does no damage.
You closely miss the ball python. You hit the jackal but do no damage.
The ball python barely misses you. The ball python constricts you.
The jackal bites you.
The jackal bites you but does no damage.
The ball python bites you. The ball python constricts you.
The quokka barely misses you.
You are too injured to fight recklessly!
You are too injured to fight recklessly!
You are too injured to fight recklessly!
You are too injured to fight recklessly!
You are too injured to fight recklessly!
You are too injured to fight recklessly!
You are too injured to fight recklessly!
You are too injured to fight recklessly!
You are too injured to fight recklessly!
You hit the ball python but do no damage.
You hit the quokka. You closely miss the jackal.
The jackal bites you but does no damage.
The ball python bites you. The ball python constricts you.
* * * LOW HITPOINT WARNING * * *
The quokka bites you.
* * * LOW HITPOINT WARNING * * *
The jackal barely misses you. The ball python closely misses you.
The ball python constricts you.
The quokka bites you but does no damage.
You closely miss the quokka.
The quokka is severely wounded.
You closely miss the ball python. You miss the jackal. The jackal bites you.
You die...

#. .! #. ..
#.#.#####.###
#.#.#.......#
###.#.........#
#.............#
#.$...rhS.....#
#......@......# .##
#......######## ##.^#
#......# ##..# #......#
##..#####.$.!..#
##8.8##..#......####
.....##..##........#
.....##.###........#
.....##.#
#........##############


You could see a quokka, a jackal and a ball python.

Vanquished Creatures
  A giant cockroach (D:1)
  2 goblins (D:1)
  A jackal (D:1)
  2 frilled lizards (D:1)
6 creatures vanquished.

Notes
Turn   | Place    | Note
-------+----------+-------------------------------------------
     0 | D:1      | flotson the Demonspawn Gladiator began the quest for the
                  | Orb.
     0 | D:1      | Reached XP level 1. HP: 16/16 MP: 1/1
   186 | D:1      | Slain by a jackal

Illustrated notes

Levels and vault maps discovered:
D:1:      lightli_arrival_lavapool, layout_basic,
          shapermc_ecumenical_altar_petra

Action                   || total
-------------------------++-------
Melee: War axe           ||    12
 Stab: Sleeping          ||     1
Armor: Leather armour    ||     7
Dodge: Dodged            ||    11
